 Dungeon Sprint DCSS version 0.17-a0-1262-gd250d98 (webtiles) character file.

1118 Kidiri the Covert (level 8, -5/43 HPs)
             Began as a Spriggan Enchanter on June 6, 2015.
             Slain by a kraken (25 damage)
             ... in the Dungeon (Sprint II: "The Violet Keep of Menkaure").
             The game lasted 00:10:14 (999 turns).

Kidiri the Covert (Spriggan Enchanter)               Turns: 999, Time: 00:10:14

Health: -5/43      AC:  4    Str:  4    XL:     8   Next: 12%
Magic:  17/21      EV: 32    Int: 16    God:
Gold:   104        SH:  0    Dex: 24    Spells: 5 memorised, 12 levels left

rFire  . . .     SeeInvis +     a - +1 dagger
rCold  . . .     Clarity  .     b - +1 robe
rNeg   . . .     SustAt   .     (shield restricted)
rPois  .         Gourm    .     (helmet restricted)
rElec  .         Spirit   .     (no cloak)
rCorr  .         Warding  .     (gloves unavailable)
rMut   .         NoTele   +     (boots unavailable)
MR     +....                    (no amulet)
Stlth  ++++......               (no ring)
                                k - +5 ring of dexterity

@: very quick, somewhat resistant to hostile enchantments, stealthy
A: unfitting armour, rugged brown scales 1, see invisible, herbivore 3, speed 3,
slow metabolism 2
a: no special abilities


You were in the Dungeon.
You were not hungry.

You visited 1 branch You collected 972 gold pieces.
You spent 868 gold pieces at shops.

Inventory:

Hand weapons
 a - a +1 dagger (weapon)
Armour
 b - a +1 robe (worn)
Jewellery
 k - a +5 ring of dexterity (left hand)
Scrolls
 j - a scroll of blinking
Potions
 e - a potion of curing
 f - a potion of heal wounds
 g - a potion of haste
 h - 2 potions of magic
 i - a potion of berserk rage
Books
 c - a book of Maledictions

   Spells                             Type                      Level
   a - Corona                         Hexes                        1
   b - Ensorcelled Hibernation        Hexes/Ice                    2
   c - Confuse                        Hexes                        3
   d - Tukima's Dance                 Hexes                        3
   e - Dazzling Spray                 Conjuration/Hexes            3
Comestibles
 d - a bread ration


   Skills:
 + Level 4.5 Fighting
 * Level 8.8 Short Blades
 * Level 11.6 Dodging
 * Level 12.7 Stealth
 + Level 8.7 Spellcasting
 + Level 1.8 Conjurations
 + Level 7.8 Hexes
 + Level 2.0 Ice Magic


You had 12 spell levels left.
You knew the following spells:

 Your Spells              Type           Power        Failure   Level  Hunger
a - Corona                Hex            ####...      1%          1    None
b - Confuse               Hex            ####....     1%          3    #......
c - Tukima's Dance        Hex            ####....     1%          3    #......
d - Ensorcelled Hibernat  Hex/Ice        ###...       1%          2    None
e - Dazzling Spray        Conj/Hex       ###.....     4%          3    #......


Dungeon Overview and Level Annotations

Branches:
Dungeon (1/1)

Altars:
Dithmenos
Kikubaaqudgha
Makhleb
Nemelex Xobeh
Okawaru
Qazlal
Ru
Sif Muna
Trog
Vehumet
Xom
Yredelemnul
Zin
The Shining One
Beogh
Jiyva
Lugonu

Shops:
D *(:!%=[?=%!*}([:

Annotations:
D exclusion: oklob plant, Roxanne


Innate Abilities, Weirdness & Mutations

You are tiny and cannot use many weapons and most armour.
You have supernaturally acute eyesight.
You are a herbivore.
You cover ground extremely quickly.
You need consume almost no food.
You are partially covered in rugged brown scales (AC +1, +3% HP).


Message History

Aiming: Ensorcelled Hibernation
Press: ? - help, Shift-Dir - straight line, f/p - kraken
Aim: a kraken (confused, chance to defeat MR: 19%)
The kraken resists with almost no effort.
Why would you want to do that? Why would you want to do that?
Unknown command.
Unknown command.
Unknown command.
Why would you want to do that?
You enter the shallow water.
Moving in this stuff is going to be slow.
You hit the kraken but do no damage. The kraken bites you!!
Ouch! That really hurt!
Your unstable footing causes you to fumble your attack.
You hit the kraken but do no damage. The kraken bites you!!
Ouch! That really hurt!
You die... .∩.∩#≈#.#.##.###..#..# .# .# ..∩.+≈'##.'.<.+.##'..### .##h# ...∩#≈##..##.###..#....###...##▓▓ ▓▓###≈##.###'###.##§§....≈≈≈y≈≈≈≈ #####≈≈####.#.####≈≈§....≈#+##### Y. ##≈≈≈#.###.#≈≈§≈§≈§..≈#..._._ YY#

#+#≈##.#.##≈≈≈≈§§≈≈.§#.._._.
"##§
#(#≈≈##+##≈≈≈≈≈§§≈≈≈≈#._._._
##§.
####≈≈≈≈≈≈X@≈§§§§§§≈≈#_._._.
#+++#+++#≈§≈§§≈≈§§#._._._
§§§≈ ##≈≈§###≈§#_._._.
≈§§§§§§ ##§§# #§§#._.⌠..
+≈≈§§§8§≈§ +§≈# #≈≈#......
##≈§§§≈≈≈§§ #≈≈≈≈≈≈≈######
##§§≈≈≈≈≈## ### ####+#### §§


You could see a kraken (confused).

Vanquished Creatures
  2 boulder beetles (D)
  2 hippogriffs (D)
  2 crocodiles (D)
  4 brain worms (D)
  4 worker ants (D)
  A hell rat (D)
15 creatures vanquished.

Vanquished Creatures (others)
  19 tentacles (D)
  147 tentacle segments (D)
166 creatures vanquished.

Grand Total: 181 creatures vanquished

Notes
Turn   | Place    | Note
--------------------------------------------------------------
     0 | D        | Kidiri the Spriggan Enchanter began the quest for the Orb.
     0 | D        | Reached XP level 1. HP: 9/9 MP: 5/5
     1 | D        | Noticed a boulder beetle
     1 | D        | Noticed a boulder beetle
     4 | D        | Noticed a brain worm
     4 | D        | Noticed a brain worm
     4 | D        | Noticed a brain worm
     4 | D        | Noticed a brain worm
     7 | D        | Noticed a hippogriff
     7 | D        | Noticed a hippogriff
    25 | D        | Killed a brain worm
    25 | D        | Reached skill level 1 in Fighting
    25 | D        | Reached skill level 5 in Dodging
    25 | D        | Reached skill level 6 in Stealth
    25 | D        | Reached XP level 2. HP: 12/15 MP: 4/8
    25 | D        | Reached XP level 3. HP: 14/18 MP: 5/10
    25 | D        | Reached XP level 4. HP: 17/23 MP: 5/11
    37 | D        | Killed a brain worm
    37 | D        | Reached skill level 7 in Stealth
    37 | D        | Reached skill level 5 in Spellcasting
    37 | D        | Reached skill level 5 in Hexes
    49 | D        | Killed a brain worm
    49 | D        | Reached skill level 5 in Short Blades
    49 | D        | Reached skill level 8 in Stealth
    49 | D        | Reached XP level 5. HP: 15/27 MP: 3/15
    56 | D        | Killed a brain worm
    56 | D        | Reached skill level 9 in Stealth
   204 | D        | Killed a hippogriff
   204 | D        | Reached skill level 10 in Stealth
   204 | D        | Reached XP level 6. HP: 32/32 MP: 15/17
   213 | D        | Killed a hippogriff
   213 | D        | Reached skill level 10 in Dodging
   213 | D        | Reached skill level 11 in Stealth
   213 | D        | Reached XP level 7. HP: 35/37 MP: 17/19
   233 | D        | Learned a level 3 spell: Confuse
   237 | D        | Learned a level 3 spell: Tukima's Dance
   240 | D        | Learned a level 2 spell: Ensorcelled Hibernation
   244 | D        | Learned a level 3 spell: Dazzling Spray
   246 | D        | Noticed a worker ant
   246 | D        | Noticed a worker ant
   248 | D        | Noticed a worker ant
   248 | D        | Noticed a worker ant
   249 | D        | Killed a worker ant
   250 | D        | Killed a worker ant
   252 | D        | Killed a worker ant
   258 | D        | Killed a worker ant
   341 | D        | Killed a boulder beetle
   341 | D        | Reached skill level 12 in Stealth
   341 | D        | Reached skill level 1 in Conjurations
   341 | D        | Reached skill level 1 in Ice Magic
   351 | D        | Killed a boulder beetle
   380 | D        | Noticed Roxanne
   382 | D        | Noticed a crocodile
   383 | D        | Found Qustry's Antique Armour Boutique.
   384 | D        | Killed a crocodile
   384 | D        | Reached XP level 8. HP: 42/42 MP: 21/21
   398 | D        | Noticed a kraken
   411 | D        | Found Kaoroese's Book Shop.
   412 | D        | Found Doellij's General Store.
   412 | D        | Found Wudeagur's Gadget Shop.
   412 | D        | Found Ichiygici's Food Boutique.
   412 | D        | Found Zidof's Distillery.
   412 | D        | Found Ruirynur's Magic Scroll Shop.
   412 | D        | Found Malikum's Jewellery Shop.
   413 | D        | Found Pofiaget's Antique Armour Shop.
   413 | D        | Found Gaddeu's Jewellery Boutique.
   413 | D        | Noticed a redback
   414 | D        | Found Uku Luaha's Antique Weapon Boutique.
   415 | D        | Found Doteppeonn's Food Shop.
   415 | D        | Found Rapt's Distillery.
   415 | D        | Noticed a redback
   415 | D        | Noticed an oklob plant
   416 | D        | Found Vighem's Weapon Shop.
   416 | D        | Found Kuleliet's General Store.
   416 | D        | Found Dohun's Book Shoppe.
   420 | D        | Noticed a shining eye
   423 | D        | Noticed a shining eye
   429 | D        | Noticed a yak
   431 | D        | Noticed a yak
   434 | D        | Noticed a yak
   434 | D        | Noticed a shining eye
   441 | D        | Bought 2 potions of mutation for 65 gold pieces
   451 | D        | Gained mutation: You heal slowly when monsters are visible. [potion of mutation]
   451 | D        | Gained mutation: Your spells are a little easier to cast, but a little less powerful. [potion of mutation]
   451 | D        | Gained mutation: You are partially covered in rugged brown scales (AC +1, +3% HP). [potion of mutation]
   452 | D        | Gained mutation: You are weak. (Str -2) [potion of mutation]
   452 | D        | Lost mutation: Your spells are a little easier to cast, but a little less powerful. [potion of mutation]
   452 | D        | Gained mutation: You are frail (-10% HP). [potion of mutation]
   470 | D        | Bought a potion of cure mutation for 350 gold pieces
   470 | D        | Lost mutation: You are weak. (Str -2) [potion of cure mutation]
   470 | D        | Lost mutation: You are frail (-10% HP). [potion of cure mutation]
   470 | D        | Lost mutation: You heal slowly when monsters are visible. [potion of cure mutation]
   475 | D        | Bought a +5 ring of dexterity for 453 gold pieces
   494 | D        | Noticed a hell rat
   496 | D        | Killed a hell rat
   518 | D        | Noticed an orange crystal statue
   567 | D        | Found a basalt altar of Yredelemnul.
   569 | D        | Found a deep blue altar of Sif Muna.
   573 | D        | Noticed a crocodile
   588 | D        | Killed a crocodile
   806 | D        | Found a roughly hewn altar of Beogh.
   806 | D        | Found a stormy altar of Qazlal.
   806 | D        | Found an ancient bone altar of Kikubaaqudgha.
   811 | D        | Found a radiant altar of Vehumet.
   811 | D        | Found a corrupted altar of Lugonu.
   811 | D        | Found a viscous altar of Jiyva.
   812 | D        | Found a sacrificial altar of Ru.
   812 | D        | Found a shadowy altar of Dithmenos.
   812 | D        | Found a glowing golden altar of the Shining One.
   814 | D        | Found an iron altar of Okawaru.
   814 | D        | Found a bloodstained altar of Trog.
   814 | D        | Found a shimmering altar of Xom.
   814 | D        | Noticed a polar bear
   815 | D        | Found a sparkling altar of Nemelex Xobeh.
   815 | D        | Found a burning altar of Makhleb.
   815 | D        | Found a glowing silver altar of Zin.
   950 | D        | Noticed a wasp
   950 | D        | Noticed a polar bear
   999 | D        | Slain by a kraken

Vault maps used:
D:        the_violet_keep_of_menkaure

Action                   |  1- 3 |  4- 6 |  7- 9 || total
-------------------------+-------+-------+-------++-------
Melee: Dagger            |     8 |    28 |    25 ||    61
 Cast: Corona            |     1 |     4 |       ||     5
       Ensorcelled Hiber |       |       |    21 ||    21
       Confuse           |       |       |     8 ||     8
  Use: Potion            |       |       |     3 ||     3
 Stab: Sleeping          |     2 |     2 |     9 ||    13
       Confused          |       |       |     3 ||     3
